Arabia
504664573Analyzed2v2 RM
·
27d ago on Sep 6, 2026·
90m 12s·
4 players
Game mode
Random Map
Map size
Medium (4 player)
Population
200
Speed
Normal
Resources
Standard
Victory
Conquest
Starting age
Dark Age
Ending age
Imperial Age
RankedLock teamsTeams togetherTeam positionsShared explorationLock speedFull tech treeHidden civsTurbo modeCheats
Victory
Defeat
Replay analysis
CharlsSSS
5:29
Loom
9:52
Feudal Age
10:20
Double-Bit Axe
14:08
Fletching
22:31
Castle Age
20:50
Padded Archer Armor
23:02
Gold Mining
22:47
Elite Skirmisher
23:43
Leather Archer Armor
26:57
Crossbowman
29:49
Bodkin Arrow
34:24
Bow Saw
39:18
Imperial Age
36:34
Town Watch
38:16
Wheelbarrow
38:32
Eagle Warrior
39:13
Squires
39:44
Capped Ram
41:50
Ring Archer Armor
48:25
Chemistry
47:46
Ballistics
52:05
Arson
58:47
Scale Mail Armor
58:58
Forging
59:32
Onager
64:56
Elite Eagle Warrior
67:17
Thumb Ring
OmarAGE
0:44
Loom
10:49
Feudal Age
13:23
Double-Bit Axe
13:23
Horse Collar
22:16
Castle Age
20:25
Stone Mining
20:26
Gold Mining
20:34
Gold Mining
21:27
Wheelbarrow
22:37
Forging
24:21
Champi Runner
28:57
Fletching
29:08
Padded Archer Armor
28:39
Elite Skirmisher
29:34
Heavy Plow
29:47
Bow Saw
34:34
Stone Shaft Mining
36:49
Ballistics
36:30
Heated Shot
39:12
Hand Cart
44:38
Imperial Age
42:06
Champi Warrior
45:14
Andean Sling
47:31
Chemistry
49:33
Murder Holes
49:22
Onager
57:20
Crop Rotation
58:00
Elite Champi Warrior
63:41
Iron Casting
63:06
Scale Mail Armor
63:08
Bodkin Arrow
63:29
Leather Archer Armor
65:27
Blast Furnace
66:08
Caravan
66:40
Coinage
66:14
Capped Ram
67:45
Siege Ram
Cassius Thundercock
8:19
Loom
11:06
Feudal Age
12:22
Wheelbarrow
11:37
Double-Bit Axe
11:34
Horse Collar
21:56
Castle Age
21:33
Scale Mail Armor
23:13
Hand Cart
23:12
Bow Saw
23:04
Heavy Plow
26:15
Chemistry
25:10
Pikeman
25:50
Squires
35:46
Forging
35:28
Fletching
35:39
Padded Archer Armor
42:11
Imperial Age
42:40
Wagenburg Tactics
43:58
Iron Casting
43:19
Bodkin Arrow
43:39
Leather Archer Armor
43:07
Elite Hussite Wagon
43:41
Halberdier
45:56
Two-Man Saw
54:02
Coinage
55:07
Banking
54:48
Guilds
58:45
Caravan
64:27
Conscription
65:49
Bracer
66:51
Blast Furnace
66:21
Ring Archer Armor
66:06
Chain Mail Armor
76:02
Plate Mail Armor
FAFO
10:25
Feudal Age
11:44
Wheelbarrow
11:05
Double-Bit Axe
11:58
Wheelbarrow
25:32
Castle Age
25:50
Crossbowman
27:37
Gold Mining
36:18
Imperial Age
34:31
Bow Saw
35:29
Hand Cart
36:59
Horse Collar
38:35
Ballistics
39:19
Heavy Plow
41:43
Chemistry
41:47
Gold Shaft Mining
41:28
Arbalester
43:12
Two-Man Saw
42:36
Padded Archer Armor
42:26
Fletching
45:54
Town Watch
50:44
Elite Skirmisher
52:19
Coinage
52:38
Bodkin Arrow
52:59
Leather Archer Armor
64:05
Ring Archer Armor
63:35
Bracer
70:23
Forging
71:04
Conscription
82:06
Pikeman
83:00
Squires
82:47
Arson
84:36
Halberdier
85:25
Scale Mail Armor